 Dungeon Crawl Stone Soup version 0.28-a0-172-g787e458d71 (webtiles) character file.

Game seed: 1801858358907463764

1924 Sweetruy1997 the Quickloader (level 8, 0/67 HPs)
             Began as a Deep Dwarf Hunter on Aug 16, 2021.
             Was a Priest of the Shining One.
             Slain by a yak (3 damage)
             ... on level 6 of the Dungeon.
             The game lasted 00:16:24 (4175 turns).

Sweetruy1997 the Quickloader (Deep Dwarf Hunter)    Turns: 4175, Time: 00:16:25

Health: 0/67       AC:  6    Str: 16    XL:     8   Next: 96%
Magic:  5/8        EV: 12    Int: 13    God:    the Shining One [***...]
Gold:   206        SH:  0    Dex: 14    Spells: 2/8 levels left

rFire   + . .      SeeInvis +   o - +3 whip
rCold   . . .      Faith    .   (no shield)
rNeg    + . .      Spirit   .   s - +0 leather armour {rF+}
rPois   .          Reflect  .   (no helmet)
rElec   .          Harm     .   m - +2 cloak
rCorr   .          Rampage  .   (no gloves)
Will    +....                   (no boots)
Stlth   +.........              (no amulet)
HPRegen 0.00/turn               f - +4 ring of slaying
MPRegen 0.11/turn               k - ring of see invisible

@: glowing, studying Evocations
A: damage resistance, heal wounds, sense surroundings 1, no regeneration
a: Heal Wounds, Renounce Religion, Divine Shield


You were on level 6 of the Dungeon.
You worshipped the Shining One.
The Shining One was most pleased with you.
You visited 2 branches of the dungeon, and saw 7 of its levels.

You collected 206 gold pieces.

Inventory:

Hand Weapons
 a - a +4 hand crossbow
 o - a +3 whip (weapon)
Missiles
 d - 38 bolts
 g - 11 boomerangs (quivered)
Armour
 c - a +0 leather armour
 m - a +2 cloak (worn)
 s - a +0 leather armour of fire resistance (worn)
Jewellery
 f - a +4 ring of slaying (left hand)
 k - a ring of see invisible (right hand)
Wands
 q - a wand of acid (5)
 t - a wand of flame (11)
Scrolls
 b - a scroll of enchant armour {unknown}
 e - 2 scrolls of magic mapping
 h - a scroll of immolation {unknown}
 j - 3 scrolls of teleportation
 n - 2 scrolls of blinking
 r - a scroll of fog {unknown}
 w - a scroll of fear {unknown}
 y - a scroll of amnesia {unknown}
Potions
 i - a potion of lignification {unknown}
 l - 2 potions of haste
 p - 2 potions of mutation {unknown}
 u - a potion of brilliance {unknown}
 v - a potion of magic {unknown}
 x - 2 potions of curing {unknown}
 z - a potion of flight {unknown}


   Skills:
 - Level 2.0 Fighting
 - Level 1.1 Short Blades
 + Level 5.0 Maces & Flails
 - Level 10.0 Crossbows
 + Level 1.8 Throwing
 + Level 4.3 Armour
 - Level 3.0 Dodging
 + Level 2.7 Stealth
 + Level 1.4 Shields
 + Level 0.7 Spellcasting
 + Level 0.2 Conjurations
 + Level 0.1 Transmutations
 + Level 1.1 Invocations
 - Level 1.0 Evocations


You had 2 spell levels left.
You knew the following spells:

 Your Spells              Type           Power      Damage    Failure   Level
a - Gell's Gravitas       Tloc           0%         N/A       71%         3
b - Wereblood             Tmut           0%         N/A       43%         2
c - Magic Dart            Conj           4%         1d3       30%         1

Your spell library contained the following spells:

 Spells                   Type           Power      Damage    Failure   Level
 Call Imp                 Summ           0%         N/A       45%         2
 Sublimation of Blood     Necr           0%         N/A       45%         2
 Mephitic Cloud           Conj/Pois/Air  0%         N/A       69%         3
 Lesser Beckoning         Tloc           0%         N/A       71%         3
 Teleport Other           Tloc           0%         N/A       71%         3
 Summon Hydra             Summ           0%         N/A       100%        7


Dungeon Overview and Level Annotations

Branches:
Dungeon (6/15)             Temple (1/1) D:4

Altars:
Ashenzari
Cheibriados
Dithmenos
Elyvilon
Fedhas
Kikubaaqudgha
Makhleb
Nemelex Xobeh
Okawaru
Qazlal
Ru
Sif Muna
Trog
Uskayaw
Wu Jian
Xom
Yredelemnul
Zin
The Shining One

Shops:
D:5 =


Innate Abilities, Weirdness & Mutations

You are resistant to damage.
You can heal yourself by infusing magical energy.
You passively map a small area around you.
You do not regenerate.


Message History

The yak closely misses you. The yak completely misses you.
You whack the yak!
The yak is almost dead.
The yak gores you. The yak gores you!
You hit the yak.
The yak is almost dead.
The yak barely misses you. The yak gores you!
* * * LOW HITPOINT WARNING * * *
You hit the yak.
You kill the yak!
The yak barely misses you.
Your Maces & Flails skill increases to level 5!
You hit the yak.
The yak is lightly wounded.
The yak completely misses you. The yak closely misses you.
You hit the yak but do no damage.
The yak is lightly wounded.
The yak closely misses you.
You hit the yak but do no damage.
The yak is lightly wounded.
The yak gores you!
* * * LOW HITPOINT WARNING * * *
You hit the yak.
The yak is moderately wounded.
The yak gores you! The Shining One protects you from harm! The yak gores you.
* * * LOW HITPOINT WARNING * * *
You hit the yak but do no damage.
The yak is moderately wounded.
Unknown command.
You hit the yak.
The yak is moderately wounded.
The yak barely misses you. The yak gores you but does no damage.
You barely miss the yak. The yak gores you but does no damage.
The yak barely misses you.
You whack the yak!
The yak is heavily wounded.
The yak gores you but does no damage. The yak gores you.
You die...

, #........#.# *
#.........# ,
#...)....#* , *
#......# , ,,,,*
*#.[...# ,, , ,,
* ###.....# , *
*** ####...#...#
* ,
####Y..#####..##
*#(.Y@### #...#
* #((..### ##..#
* ...?..###
#..## , ...###
#...# ,.. ##[.#
** . #..## ,
#...# , ##..#
#..##


You could see 2 yaks.

Vanquished Creatures
  A troll (D:6)
  2 yaks (D:6)
  A water moccasin (D:5)
  4 ogres
  A necrophage (D:4)
  The ghost of bobarctor the Grave Robber, an amateur DENe (D:3)
  2 scorpions (D:4)
  A howler monkey (D:5)
  5 hounds
  An orc priest (D:3)
  2 bullfrog skeletons (D:5)
  2 gnoll shamans
  An iguana (D:4)
  2 orc wizards
  3 adders
  16 gnolls
  A shadow imp (D:5)
  2 white imps (D:5)
  3 worms
  2 dart slugs
  13 orcs
  6 endoplasms
  5 giant cockroaches
  2 goblins
  8 hobgoblins
  8 jackals
  3 quokkas
  11 ball pythons
  4 frilled lizards
  A jackal skeleton (D:4)
  5 kobolds
  6 rats (D:2)
125 creatures vanquished.

Vanquished Creatures (others)
  6 plants (D:3)
  A withered plant (D:3)
7 creatures vanquished.

Grand Total: 132 creatures vanquished

Notes
Turn   | Place    | Note
-------+----------+-------------------------------------------
     0 | D:1      | Sweetruy1997 the Deep Dwarf Hunter began the quest for the
                  | Orb.
     0 | D:1      | Reached XP level 1. HP: 19/19 MP: 1/1
   116 | D:1      | Found a faded altar of an unknown god.
   124 | D:1      | Became a worshipper of the Shining One
   124 | D:1      | Reached * piety under the Shining One
   621 | D:1      | Reached XP level 2. HP: 23/26 MP: 2/2
  1241 | D:2      | Reached skill level 1 in Armour
  1254 | D:2      | Reached skill level 5 in Crossbows
  1258 | D:2      | Reached XP level 3. HP: 23/32 MP: 3/3
  1859 | D:3      | Reached XP level 4. HP: 27/39 MP: 4/4
  2036 | D:3      | Found a shadowy altar of Dithmenos.
  2111 | D:3      | Learned a level 3 spell: Gell's Gravitas
  2161 | D:3      | Found a transporter.
  2167 | D:3      | Found a transporter.
  2172 | D:3      | Noticed bobarctor's ghost (amateur DENe)
  2228 | D:3      | Reached skill level 6 in Crossbows
  2229 | D:3      | Reached ** piety under the Shining One
  2233 | D:3      | Reached XP level 5. HP: 27/45 MP: 5/5
  2412 | D:3      | Found an ancient bone altar of Kikubaaqudgha.
  2535 | D:3      | Killed bobarctor's ghost
  2536 | D:3      | Reached skill level 7 in Crossbows
  2557 | D:3      | Reached XP level 6. HP: 15/52 MP: 6/6
  2575 | D:3      | The Shining One protects you from harm!
  2660 | D:4      | Reached skill level 1 in Short Blades
  2660 | D:4      | Reached skill level 1 in Invocations
  2862 | D:4      | Reached skill level 8 in Crossbows
  2862 | D:4      | Reached skill level 1 in Shields
  2862 | D:4      | Reached XP level 7. HP: 39/60 MP: 6/6
  2884 | D:4      | Found a staircase to the Ecumenical Temple.
  2922 | D:4      | Reached skill level 1 in Maces & Flails
  3062 | D:4      | Reached skill level 1 in Evocations
  3350 | Temple   | Entered the Ecumenical Temple
  3457 | D:5      | Entered Level 5 of the Dungeon
  3514 | D:5      | Reached skill level 9 in Crossbows
  3536 | D:5      | Reached XP level 8. HP: 56/67 MP: 7/7
  3598 | D:5      | Learned a level 2 spell: Wereblood
  3788 | D:5      | Reached skill level 10 in Crossbows
  3788 | D:5      | Reached skill level 1 in Throwing
  3864 | D:5      | Found a basalt altar of Yredelemnul.
  3893 | D:5      | Found a broken altar of Ashenzari.
  3894 | D:5      | Found a sparkling altar of Nemelex Xobeh.
  3938 | D:5      | Found Dudid's Jewellery Boutique.
  4093 | D:6      | Noticed a troll
  4099 | D:6      | Killed a troll
  4121 | D:6      | Learned a level 1 spell: Magic Dart
  4151 | D:6      | Reached *** piety under the Shining One
  4167 | D:6      | Reached skill level 5 in Maces & Flails
  4170 | D:6      | The Shining One protects you from harm!
  4170 | D:6      | HP: 3/67 [yak (2)]
  4175 | D:6      | Slain by a yak

Illustrated notes

Levels and vault maps discovered:
D:1:      sevenhm_arrival_forest_fort_large_4, layout_basic, serial_curves,
          eino_curves_02, eino_curves_03, eino_curves_04, eino_curves_03,
          ebering_ecumenical_altar_rust
D:2:      layout_basic
D:3:      layout_rooms, kiku_gazebo_garden_becter,
          nicolae_dithmenos_the_darkroom, gammafunk_ghost_gnarly_gnolls
D:4:      layout_cave_pools, minmay_temple_entry_grid
D:5:      layout_rooms, mainiacjoe_overflow_catwalk,
          gammafunk_temple_overflow_statue, serial_shops, shop,
          cheibrodos_gnoll_hut
D:6:      layout_cave_pods, serial_bayou_lagoon_a
Temple:   jpeg_temple_clearing

Skill      XL: |  1  2  3  4  5  6  7  8 |
---------------+-------------------------+-----
Armour         | 1 2 3 4 |  4.3
Stealth        | 2 |  2.7
Crossbows      | 5 6 7 8 9 10 | 10.0
Fighting       | 2 |  2.0
Dodging        | 3 |  3.0
Short Blades   | 1 |  1.1
Invocations    | 1 |  1.1
Shields        | 1 |  1.4
Maces & Flails | 1 5 |  5.0
Evocations     | 1 |  1.0
Throwing       | 1 |  1.8
Spellcasting   | |  0.7
Conjurations   | |  0.2
Transmutations | |  0.1

Action                   |  1- 3 |  4- 6 |  7- 9 || total
-------------------------+-------+-------+-------++-------
Melee: Short sword       |     6 |    37 |       ||    43
       Whip              |       |     4 |    31 ||    35
 Fire: Hand crossbow     |    71 |    89 |    67 ||   227
Throw: Boomerang         |       |       |     4 ||     4
       Throwing net      |       |       |     1 ||     1
 Cast: Magic Dart        |       |       |     3 ||     3
Invok: Divine Shield     |       |     1 |       ||     1
 Abil: Heal Wounds       |       |     1 |     4 ||     5
Evoke: Wand              |       |     2 |     3 ||     5
  Use: Potion            |       |     3 |       ||     3
       Scroll            |       |     6 |     3 ||     9
Armor: Leather armour    |     3 |    19 |    13 ||    35
Dodge: Dodged            |    30 |    55 |    49 ||   134
Block: Other             |       |    18 |       ||    18

Table legend: (Time is in decaauts)
 A = Elapsed time spent in this place.
 B = Non-inter-level travel time spent in this place.
 C = Inter-level travel time spent in this place.
 D = Time resting spent in this place.
 E = Time spent auto-exploring this place.
 F = Levels seen in this place.
 G = Mean time per level.
                   A        B        C        D        E       F      G
               +--------+--------+--------+--------+--------+-----+--------+
         Total |   4208 |   3959 |    249 |    202 |   3047 |   7 |  601.1 |
       Dungeon |   4122 |   3890 |    232 |    202 |   2979 |   6 |  687.0 |
        Temple |     86 |     69 |     17 |      0 |     68 |   1 |   86.0 |
               +--------+--------+--------+--------+--------+-----+--------+

Top non-repeatable levels by time:
     D:1: 1145 daAuts
     D:3: 833 daAuts
     D:4: 753 daAuts
     D:2: 695 daAuts
     D:5: 594 daAuts
     D:6: 99 daAuts
  Temple: 86 daAuts
